 Dungeon Crawl Stone Soup version 0.28-a0-407-g69098e2 (webtiles) character file.

Game seed: 11477120277570763923

1902 Sixotanaka the Martial Artist (level 9, -14/59 HPs)
             Began as a Merfolk Transmuter on Sept 5, 2021.
             Was a Follower of Cheibriados.
             Demolished by a large slime creature (39 damage)
             ... on level 7 of the Dungeon.
             The game lasted 00:17:23 (8985 turns).

Sixotanaka the Martial Artist (Merfolk Transmuter)  Turns: 8985, Time: 00:17:24

Health: -14/59     AC:  4    Str: 15    XL:     9   Next: 15%
Magic:  10/12      EV: 13    Int: 15    God:    Cheibriados [*.....]
Gold:   219        SH:  6    Dex: 22    Spells: 5/12 levels left

rFire   . . .      SeeInvis .     - Unarmed
rCold   . . .      Faith    .   j - +0 buckler
rNeg    . . .      Spirit   .   i - +0 leather armour
rPois   .          Reflect  .   (helmet currently unavailable)
rElec   .          Harm     .   A - +0 cloak
rCorr   .          Rampage  .   (no gloves)
Will    .....                   (boots currently unavailable)
Stlth   ++........              s - amulet of regeneration
HPRegen 1.19/turn               f - +6 ring of dexterity
MPRegen 0.13/turn               (no ring)

@: appendages, wereblooded, very slow
A: horns 2, (nimble swimmer 2), mertail
a: End Transformation, Renounce Religion, Bend Time


You were on level 7 of the Dungeon.
You worshipped Cheibriados.
Cheibriados was aware of your devotion.
You had temporarily grown beastly horns.
You visited 2 branches of the dungeon, and saw 8 of its levels.

You collected 219 gold pieces.


Innate Abilities, Weirdness & Mutations

You have temporarily grown beastly horns.
((You are quick and stealthy near water. (Stealth+, EV+, Speed+++)))
Your lower body shifts to a powerful aquatic tail in water.


   Skills:
 - Level 1.1 Fighting
 - Level 2.6 Dodging
 - Level 4.0 Shields
 * Level 11.2 Unarmed Combat
 - Level 2.0 Spellcasting
 - Level 2.8 Transmutations
 + Level 4.1 Invocations


You had 5 spell levels left.
You knew the following spells:

 Your Spells              Type           Power      Damage    Failure   Level
a - Beastly Appendage     Tmut           20%        N/A       9%          1
b - Wereblood             Tmut           10%        N/A       13%         2
c - Spider Form           Tmut/Pois      2%         N/A       41%         3
d - Sting                 Tmut/Pois      20%        1d4       16%         1

Your spell library contained the following spells:

 Spells                   Type           Power      Damage    Failure   Level
 Animate Skeleton         Necr           2%         N/A       26%         1
 Apportation              Tloc           2%         N/A       26%         1
 Corona                   Hex            1%         N/A       26%         1
 Pain                     Necr           4%         1d4       26%         1
 Summon Small Mammal      Summ           4%         N/A       26%         1
 Ignite Poison            Fire/Tmut/Pois 4%         N/A       50%         3
 Vampiric Draining        Necr           0%         2d6       63%         3
 Ice Form                 Ice/Tmut       5%         N/A       83%         4
 Olgreb's Toxic Radiance  Pois           1%         N/A       95%         4
 Agony                    Necr           1%         N/A       100%        5
 Excruciating Wounds      Necr           0%         N/A       100%        5
 Eringya's Noxious Bog    Tmut/Pois      2%         N/A       100%        6


Dungeon Overview and Level Annotations

Branches:
Dungeon (7/15)             Temple (1/1) D:6

Altars:
Ashenzari
Cheibriados
Dithmenos
Elyvilon
Hepliaklqana
Makhleb
Okawaru
Qazlal
Trog
Uskayaw
Vehumet

Annotations:
D:4 exclusion: downstairs

Inventory:

Armour
 a - a +0 helmet (melded)
   (You took it off Robin on level 2 of the Dungeon)
 i - a +0 leather armour (worn)
   (You took it off an orc on level 2 of the Dungeon)
 j - a +0 buckler (worn)
   (You found it on level 3 of the Dungeon)
 A - a +0 cloak (worn)
   (You found it on level 7 of the Dungeon)
Jewellery
 e - a ring of flight
   (You found it on level 1 of the Dungeon)
 f - a +6 ring of dexterity (left hand)
   (You found it on level 2 of the Dungeon)
 r - a ring of fire
   (You found it on level 4 of the Dungeon)
 s - an amulet of regeneration (around neck)
   (You found it on level 4 of the Dungeon)
 y - a ring of magical power
   (You found it on level 7 of the Dungeon)
Wands
 n - a wand of paralysis (12)
   (You found it on level 3 of the Dungeon)
Scrolls
 b - a scroll of vulnerability {unknown}
 k - 3 scrolls of teleportation {@r4}
 l - a scroll of holy word {unknown}
 p - a scroll of magic mapping {unknown}
 u - 2 scrolls of amnesia
 w - a scroll of enchant armour {unknown}
Potions
 c - 2 potions of lignification {!q}
 d - a potion of heal wounds {@q2}
 g - a potion of curing {@q1}
 h - a potion of mutation {!q}
 m - 2 potions of invisibility
 o - a potion of cancellation {unknown}
 q - a potion of attraction {!q}
 t - a potion of haste {unknown}
 v - a potion of berserk rage {unknown}
 x - a potion of might {unknown}
 z - 2 potions of flight

..####################
#.#...................
......................
.##..#######...####
.##..# ♣♣.♣..♣♣ .##..#
♣.♣♣..♣♣♣# .##..# ♣.
♣.♣♣♣..♣.# .##..#
.♣♣..♣.♣♣♣♣..♣# .##..#
♣.....JyJ@....# .....#
######T######## .###.#
♣!T[ .###.# ♣.≈≈≈
..##.# ≈.#≈≈ ..##.#
≈.♣.≈D ..##.# ♣.♣♣♣=O
..##.# ## ##. ..##.#


You could see a large slime creature, a troll, a vampire mosquito and a jelly.


Message History

Cheibriados appreciates the change of pace.
Your Invocations skill increases to level 4!
Your horns disappear.
Your +0 helmet unmelds from your body.
A slime creature comes into view.
A slime creature comes into view.
Found an agate ring.
The slime creature misses you.
You punch the slime creature!
The slime creature quivers.
You punch the slime creature!
A vampire mosquito comes into view.
The slime creature hits you!
The vampire mosquito buzzes angrily.
You punch the slime creature!
You hear an angry hiss.
The slime creature hits you but does no damage.
You punch the slime creature!
A steam dragon comes into view.
The slime creature hits you.
A phantom comes into view.
Your blood is infused with primal strength.
Two slime creatures merge to form a large slime creature.
A troll comes into view.
You grow a pair of large bovine horns.
Your +0 helmet melds into your body.
The troll shouts!
You hear a shout!
A large slime creature splits.
You punch the slime creature! The slime creature barely misses you.
You hit the slime creature. You headbutt the slime creature.
An ogre comes into view. It is wielding a +0 giant club.
The slime creature hits you.
You hit the slime creature. The slime creature hits you!!
* * * LOW HITPOINT WARNING * * *
The slime creature misses you.
A jelly comes into view.
You block the phantom's attack.
You punch the phantom! You headbutt the phantom.
Two slime creatures merge to form a large slime creature.
The phantom closely misses you.
You punch the phantom! You hit the phantom.
You feel a bit better.
You destroy the phantom!
Cheibriados thoroughly appreciates the change of pace.
You punch the large slime creature!
The large slime creature completely misses you.
You punch the large slime creature! The large slime creature hits you!
* * * LOW HITPOINT WARNING * * *
You hit the large slime creature. You headbutt the large slime creature.
The large slime creature hits you!!!
Ouch! That really hurt!
You die...

Levels and vault maps discovered:
D:1:      dpeg_arrival_rooms_b, layout_loops_cross,
          shapermc_ecumenical_altar_mp_vishouse, minmay_pentomino_o4
D:2:      layout_rooms, uniq_terence, uniq_robin
D:3:      layout_basic, old_standard_altar, grunt_qazlal_sundering,
          minmay_fractal_squares_gapless_5
D:4:      layout_loops_ring, st_stairs_13
D:5:      layout_basic, elyvilon_altar_4, lemuel_tele_altar,
          minmay_misc_feat_columns, serial_bayou_lagoon_b
D:6:      layout_basic, bloody_makhleb, lemuel_round_altar,
          minmay_temple_entry_overgrown, hellmonk_bongcloud_opening,
          uniq_blork_the_orc
D:7:      nzn_winding_woodlands_small [nzn_winding_woodlands_5x15_pockets,
          nzn_winding_woodlands_center_triple_pond,
          nzn_winding_woodlands_5x15_concentric], layout_basic,
          nicolae_hepliaklqana_monster_ancestors, grunt_livestock
Temple:   chequers_temple_sunken

Vanquished Creatures
  A water moccasin (D:7)
  An ogre (D:5)
  A black bear (D:5)
  2 centaurs
  A phantom (D:7)
  Blork the orc (D:6)
  A bullfrog (D:7)
  A wyvern zombie (D:6)
  2 scorpions (D:6)
  2 wyvern skeletons
  A bullfrog zombie (D:7)
  5 jellies
  A gnoll shaman (D:6)
  An orc priest (D:5)
  4 hounds
  4 iguanas
  4 orc wizards
  Terence (D:2)
  A scorpion zombie (D:5)
  A killer bee zombie (D:7)
  A hound skeleton (D:5)
  Robin (D:2)
  A howler monkey zombie (D:6)
  8 gnolls
  9 adders
  2 white imps
  2 adder skeletons (D:4)
  3 worms
  3 dart slugs
  11 orcs
  5 ball pythons
  5 endoplasms
  4 giant cockroaches
  19 goblins
  6 hobgoblins
  8 jackals
  7 quokkas
  5 bats
  A frilled lizard (D:1)
  14 kobolds
  A rat (D:1)
  A spectral kobold (D:7)
153 creatures vanquished.

Vanquished Creatures (others)
  A quokka (D:5)
  22 plants
23 creatures vanquished.

Grand Total: 176 creatures vanquished

Table legend: (Time is in decaauts)
 A = Elapsed time spent in this place.
 B = Non-inter-level travel time spent in this place.
 C = Inter-level travel time spent in this place.
 D = Time resting spent in this place.
 E = Time spent auto-exploring this place.
 F = Levels seen in this place.
 G = Mean time per level.
                   A        B        C        D        E       F      G
               +--------+--------+--------+--------+--------+-----+--------+
         Total |   9238 |   8888 |    350 |   2414 |   4502 |   8 | 1154.8 |
       Dungeon |   9225 |   8875 |    350 |   2414 |   4502 |   7 | 1317.9 |
        Temple |     12 |     12 |      0 |      0 |      0 |   1 |   12.0 |
               +--------+--------+--------+--------+--------+-----+--------+

Top non-repeatable levels by time:
     D:1: 2066 daAuts
     D:4: 1785 daAuts
     D:3: 1246 daAuts
     D:2: 1213 daAuts
     D:6: 1137 daAuts
     D:5: 1058 daAuts
     D:7: 718 daAuts
  Temple: 12 daAuts

Table legend:
 A = Kills in this place as a percentage of kills in entire the game.
 B = Kills by you in this place as a percentage of kills by you in the entire game.
 C = Kills by friends in this place as a percentage of kills by friends in the entire game.
 D = Other kills in this place as a percentage of other kills in the entire game.
 E = Experience gained in this place as a percentage of experience gained in the entire game.
 F = Experience gained in this place divided by the number of levels of this place that you have seen.
                   A       B       C       D       E      F
               +-------+-------+-------+-------+-------+----------------------
         Total | 100.0 | 100.0 |   N/A |   N/A | 100.0 | 339.8
       Dungeon | 100.0 | 100.0 |   N/A |   N/A | 100.0 | 388.3
               +-------+-------+-------+-------+-------+----------------------

Notes
Turn   | Place    | Note
-------+----------+-------------------------------------------
     0 | D:1      | Sixotanaka the Merfolk Transmuter began the quest for the
                  | Orb.
     0 | D:1      | Reached XP level 1. HP: 15/15 MP: 3/3
    75 | D:1      | Found a faded altar of an unknown god.
   167 | D:1      | HP: 3/15 [goblin (3)]
   420 | D:1      | Reached XP level 2. HP: 19/21 MP: 3/5
   475 | D:1      | Reached skill level 4 in Unarmed Combat
  1070 | D:1      | Reached XP level 3. HP: 18/26 MP: 6/6
  1787 | D:2      | Noticed Terence
  1906 | D:2      | Reached skill level 5 in Unarmed Combat
  2104 | D:2      | Reached XP level 4. HP: 22/32 MP: 5/7
  2347 | D:2      | Noticed Robin
  2349 | D:2      | Got the Papyrus of Poisoning
  2360 | D:1      | Learned a level 2 spell: Wereblood
  2364 | D:1      | Learned a level 3 spell: Spider Form
  2366 | D:1      | Learned a level 1 spell: Sting
  2942 | D:2      | Killed Terence
  2993 | D:2      | Killed Robin
  2994 | D:2      | Reached skill level 6 in Unarmed Combat
  2994 | D:2      | Reached XP level 5. HP: 22/37 MP: 6/8
  3684 | D:3      | Found a radiant altar of Vehumet.
  3778 | D:3      | Reached skill level 1 in Shields
  3812 | D:3      | Found a stormy altar of Qazlal.
  4363 | D:3      | You fall into a shaft and drop 1 floor!
  4679 | D:4      | Reached XP level 6. HP: 40/43 MP: 7/9
  5221 | D:4      | Reached skill level 7 in Unarmed Combat
  5444 | D:4      | HP: 9/43 [centaur (3)]
  5447 | D:4      | Reached skill level 2 in Shields
  5777 | D:4      | HP: 4/43 [acid (10)]
  6267 | D:5      | Entered Level 5 of the Dungeon
  6334 | D:5      | Reached XP level 7. HP: 48/48 MP: 8/10
  6744 | D:5      | Reached skill level 8 in Unarmed Combat
  6752 | D:5      | Reached skill level 3 in Shields
  6759 | D:5      | Found a broken altar of Ashenzari.
  6819 | D:5      | Found a white marble altar of Elyvilon.
  7167 | D:5      | Reached skill level 4 in Shields
  7167 | D:5      | Reached skill level 9 in Unarmed Combat
  7167 | D:5      | Reached XP level 8. HP: 54/54 MP: 9/11
  7664 | D:6      | Found a staircase to the Ecumenical Temple.
  7676 | Temple   | Entered the Ecumenical Temple
  7682 | Temple   | Became a worshipper of Cheibriados the Contemplative
  7823 | D:6      | Reached skill level 1 in Invocations
  7879 | D:6      | Reached skill level 10 in Unarmed Combat
  7977 | D:6      | Found a burning altar of Makhleb.
  7978 | D:6      | Noticed Blork the orc
  7993 | D:6      | Killed Blork the orc
  7994 | D:6      | Reached skill level 2 in Invocations
  8016 | D:6      | Found a bloodstained altar of Trog.
  8058 | D:6      | Reached * piety under Cheibriados
  8434 | D:7      | Found a hazy altar of Hepliaklqana.
  8511 | D:7      | Reached skill level 3 in Invocations
  8898 | D:7      | Reached XP level 9. HP: 51/59 MP: 10/12
  8923 | D:7      | Reached skill level 11 in Unarmed Combat
  8960 | D:7      | Reached skill level 4 in Invocations
  8973 | D:7      | Noticed a troll
  8985 | D:7      | Demolished by a large slime creature

Action                   |  1- 3 |  4- 6 |  7- 9 || total
-------------------------+-------+-------+-------++-------
Melee: Unarmed           |   109 |   225 |   216 ||   550
       Headbutt          |    12 |    41 |    44 ||    97
       Punch             |       |     1 |       ||     1
       Tailslap          |       |     2 |     4 ||     6
 Cast: Beastly Appendage |    22 |    29 |    38 ||    89
       Wereblood         |       |     4 |     3 ||     7
  Use: Potion            |       |     1 |       ||     1
       Scroll            |       |     5 |     5 ||    10
 Stab: Sleeping          |       |       |     1 ||     1
Armor: Robe              |    21 |     4 |       ||    25
       Skin              |       |     7 |       ||     7
       Leather armour    |       |    24 |    14 ||    38
Dodge: Dodged            |    64 |    97 |    82 ||   243
Block: Buckler           |       |    36 |    39 ||    75
